 Dungeon Crawl Stone Soup version 0.27.1-33-g824d729ab1 (webtiles) character file.

Game seed: 16426127209015920016

263 zeram the Covert (level 6, 0/39 HPs)
             Began as an Octopode Brigand on Nov 27, 2021.
             Was an Initiate of Dithmenos.
             Slain by an ogre (25 damage)
             ... on level 4 of the Dungeon.
             The game lasted 00:05:21 (3613 turns).

zeram the Covert (Octopode Brigand)                 Turns: 3613, Time: 00:05:22

Health: 0/39       AC:  1    Str: 11    XL:     6   Next: 19%
Magic:  6/6        EV: 12    Int: 15    God:    Dithmenos [......]
Gold:   146        SH:  0    Dex: 13    Spells: 0/5 levels left

rFire    . . .     SeeInvis .   a - +2 dagger
rCold    . . .     Faith    .   (no shield)
rNeg     . . .     Spirit   .   (helmet restricted)
rPois    .         Reflect  .   (no amulet)
rElec    .         Harm     .   (no ring)
rCorr    .         Rampage  .   (no ring)
Will     .....                  (no ring)
Stlth    +++++.....             (no ring)
HPRegen  0.13/turn              (no ring)
MPRegen  0.10/turn              (no ring)
                                (no ring)
                                (no ring)

@: no status effects
A: almost no armour, amphibious, 8 rings, camouflage 1, gelatinous body 1,
(nimble swimmer 1), tentacles
a: Renounce Religion


You were on level 4 of the Dungeon.
You worshipped Dithmenos.
Dithmenos was noncommittal.
You visited 2 branches of the dungeon, and saw 5 of its levels.

You collected 146 gold pieces.

Inventory:

Hand Weapons
 a - a +2 dagger (weapon)
Missiles
 b - 16 poisoned darts
 c - 2 curare-tipped darts (quivered)
Jewellery
 d - an amulet of faith
 h - an amulet of regeneration
Wands
 k - a wand of iceblast (9)
Scrolls
 f - 4 scrolls of teleportation
Potions
 e - a potion of heal wounds
 g - a potion of might
 i - a potion of cancellation
 m - a potion of attraction
 n - a potion of mutation {unknown}
 o - a potion of curing


   Skills:
 - Level 2.0 Fighting
 - Level 2.0 Short Blades
 - Level 2.0 Throwing
 - Level 1.0 Dodging
 + Level 10.1 Stealth


You couldn't memorise any spells.
You knew the following spells:

 Your Spells              Type           Power      Damage    Failure   Level
a - Passwall              Tmut/Erth      0%         N/A       38%         2
b - Sandblast             Erth           0%         2d4       26%         1
c - Blink                 Tloc           N/A        N/A       38%         2

Your spell library contained the following spells:

 Spells                   Type           Power      Damage    Failure   Level
 Sting                    Tmut/Pois      0%         1d3       26%         1
 Corpse Rot               Necr/Air       N/A        N/A       38%         2
 Poisonous Vapours        Pois/Air       0%         N/A       38%         2
 Lesser Beckoning         Tloc           0%         N/A       63%         3
 Olgreb's Toxic Radiance  Pois           0%         N/A       95%         4
 Freezing Cloud           Conj/Ice/Air   0%         6-21      100%        5
 Lee's Rapid Deconstruct  Erth           0%         3d5*      100%        5
 Manifold Assault         Tloc           0%         N/A       100%        5


Dungeon Overview and Level Annotations

Branches:
Dungeon (4/15)             Temple (1/1) D:4

Altars:
Ashenzari
Cheibriados
Dithmenos
Fedhas
Gozag
Hepliaklqana
Makhleb
Nemelex Xobeh
Okawaru
Qazlal
Ru
Sif Muna
Trog
Uskayaw
Wu Jian
Xom
Yredelemnul
Zin
The Shining One


Innate Abilities, Weirdness & Mutations

You cannot wear most types of armour.
You are amphibious.
You can wear up to eight rings at the same time.
Your skin changes colour to match your surroundings (Stealth+).
Your rubbery body absorbs attacks. (AC +1, EV +1)
((You are camouflaged near water. (Stealth+)))
You have tentacles for arms and can constrict up to eight enemies at once.


Message History

p - a scroll labelled YVIBAD RIEMM
As you read the scroll of identify, it crumbles to dust.
i - a potion of cancellation
As you read the scroll labelled NUCZI ASHREOQ, it crumbles to dust.
It is a scroll of amnesia.
Forget Sandblast, freeing 1 spell level for a total of 1?
Really abort (and waste the scroll)?
Okay, then.
Unknown command.
As you read the scroll labelled YVIBAD RIEMM, it crumbles to dust.
Magic quickly surges around you.
It was a scroll of vulnerability.
You start waiting.
You feel your willpower return.
A dart slug comes into view.
A dart slug is nearby!
A dart slug is nearby!
A dart slug is nearby!
An ogre comes into view. It is wielding a +0 giant spiked club.
The ogre shouts!
You hit the dart slug. You grab the dart slug.
The dart slug is moderately wounded.
You constrict the dart slug. You hit the dart slug. You squeeze the dart slug.
You kill the dart slug!
Dithmenos accepts your kill.
The ogre hits you with a +0 giant spiked club!
You hit the ogre.
The ogre is lightly wounded.
The ogre closely misses you.
You barely miss the ogre.
The ogre is lightly wounded.
You hit the ogre.
The ogre is moderately wounded.
The ogre hits you with a +0 giant spiked club!!
Ouch! That really hurt!
* * * LOW HITPOINT WARNING * * *
You feel much better.
The ogre hits you with a +0 giant spiked club!!
Ouch! That really hurt!
You die...

...#+######### #. #.#...... .
#.....#....[#...#. ..#...... .
#.....#.....#...# .......... .#
#.#...+.....#...# .#.#...).
..###....#.....#...# .._......
...#...#.......#...# ..#.#.....
#.....#....######..# .##........
##.>.#####....###..##..##.###....
#.....#.........@O..†...... #....
...#...#.....>............. +....
..###...................... #....
.#.#.#...+................. #....
...#...####....###...####.###....
...#...#####+##############.....#
......(...............<...#.....#
..........................#.....#
...<......................#.....'


You could see an ogre.

Vanquished Creatures
  2 scorpions (D:4)
  A hound (D:3)
  4 adders
  A worm (D:2)
  4 dart slugs
  An orc (D:3)
  9 endoplasms
  2 giant cockroaches (D:1)
  7 goblins
  8 hobgoblins
  3 kobolds
  2 quokkas
  9 ball pythons
  5 bats
  6 frilled lizards
  6 rats
70 creatures vanquished.

Notes
Turn   | Place    | Note
-------+----------+-------------------------------------------
     0 | D:1      | zeram the Octopode Brigand began the quest for the Orb.
     0 | D:1      | Reached XP level 1. HP: 14/14 MP: 1/1
   309 | D:1      | Reached skill level 6 in Stealth
   309 | D:1      | Reached XP level 2. HP: 18/19 MP: 2/2
   719 | D:1      | Reached XP level 3. HP: 17/24 MP: 3/3
  1132 | D:1      | Reached skill level 7 in Stealth
  1353 | D:2      | Learned a level 2 spell: Passwall
  1364 | D:2      | Found a faded altar of an unknown god.
  1940 | D:2      | Reached XP level 4. HP: 15/29 MP: 4/4
  2219 | D:2      | Learned a level 1 spell: Sandblast
  2654 | D:3      | Found a sparkling altar of Nemelex Xobeh.
  2756 | D:3      | Reached skill level 8 in Stealth
  3022 | D:3      | Found a glowing golden altar of the Shining One.
  3092 | D:3      | Reached XP level 5. HP: 34/34 MP: 5/5
  3307 | D:4      | Found a broken altar of Ashenzari.
  3311 | D:4      | Reached skill level 9 in Stealth
  3357 | D:4      | Reached skill level 10 in Stealth
  3357 | D:4      | Reached XP level 6. HP: 39/39 MP: 6/6
  3450 | D:4      | Found a staircase to the Ecumenical Temple.
  3458 | Temple   | Entered the Ecumenical Temple
  3464 | Temple   | Became a worshipper of Dithmenos the Shadowed
  3526 | D:4      | Learned a level 2 spell: Blink
  3613 | D:4      | Slain by an ogre

Illustrated notes

Levels and vault maps discovered:
D:1:      erik_arrival_triangle_large, layout_basic, minmay_misc_feat_alley
D:2:      layout_loops_ring, hellmonk_ecumenical_altar_lost_god
D:3:      layout_basic, nemelex_diamond_rough_becter, old_standard_altar,
          hangedman_feature_mirror, minivault_23, mrwooster_statue_mirror
D:4:      layout_gridville, ashenzari_altar_1, minmay_temple_entry_arrows
Temple:   nicolae_temple_x_marks_the_god

Skill      XL: |  1  2  3  4  5 |
---------------+----------------+-----
Stealth        | 6 7 8 10 | 10.1
Fighting       | |  2.0
Short Blades   | |  2.0
Throwing       | |  2.0
Dodging        | |  1.0

Action                   |  1- 3 |  4- 6 || total
-------------------------+-------+-------++-------
Melee: Dagger            |    66 |    56 ||   122
       Constrict         |    15 |    14 ||    29
       Tentacles         |    14 |    11 ||    25
Throw: Dart              |    10 |       ||    10
  Use: Scroll            |     8 |     4 ||    12
       Potion            |       |     4 ||     4
 Stab: Sleeping          |    10 |    12 ||    22
Armor: Skin              |     6 |     6 ||    12
Dodge: Dodged            |    24 |    31 ||    55
